 Dungeon Crawl Stone Soup version 0.30.0-5-g1a98f26d00 (webtiles) character file.

Game seed: 2131177856277243355

28 cheesebisquit the Stinger (level 2, -3/36 HPs)
             Began as a Draconian Venom Mage on May 8, 2023.
             Slain by an orc wizard
             ... wielding a +0 dagger
              (4 damage)
             ... on level 2 of the Dungeon.
             The game lasted 00:03:18 (953 turns).

cheesebisquit the Stinger (Draconian Venom Mage)     Turns: 953, Time: 00:03:19

Health: -3/36      AC:  4    Str: 10    XL:     2   Next: 96%
Magic:  4/5        EV: 12    Int: 15    God:
Gold:   59         SH:  0    Dex: 11    Spells: 4/5 levels left

rFire   . . .        m - +2 whip (freeze)
rCold   . . .        (no shield)
rNeg    . . .        (body armour unavailable)
rPois   .            (helmet restricted)
rElec   .            (no cloak)
rCorr   .            (no gloves)
SInv    .            (no boots)
Will    .....        j - amulet of magic regeneration Stlth
                     (no ring)
HPRegen 0.26/turn    (no ring)
MPRegen 0.49/turn

%: no passive effects
@: confused, berserking, very slightly contaminated, hasted, very quick
A: AC +4, unfitting armour, cold-blooded
a: no special abilities


You were on level 2 of the Dungeon.
You visited 1 branch of the dungeon, and saw 2 of its levels.

You collected 59 gold pieces.

Inventory:

Hand Weapons
 c - a +1 dagger of flaming
 g - a +1 heavy hand axe
 m - a +2 whip of freezing (weapon)
Missiles
 e - 6 poisoned darts
Jewellery
 j - an amulet of magic regeneration (around neck)
Scrolls
 d - 3 scrolls of enchant weapon {unknown}
 i - a scroll of acquirement {unknown}
 k - a scroll of teleportation {unknown}
 l - a scroll of identify {unknown}
Potions
 a - a potion of magic
 h - a potion of mutation {unknown}
 n - a potion of might {unknown}


   Skills:
 + Level 2.0 Fighting
 - Level 1.7 Dodging
 + Level 2.7 Stealth
 - Level 2.0 Spellcasting
 - Level 1.0 Transmutations
 - Level 3.0 Poison Magic


You had 4 spell levels left.
You knew the following spells:

 Your Spells              Type           Power      Damage    Failure   Level
a - Sting                 Tmut/Pois      28%        1d4       10%         1

Your spell library contained the following spells:

 Spells                   Type           Power      Damage    Failure   Level
 Poisonous Vapours        Pois/Air       12%        N/A       19%         2
 Passwall                 Tmut/Erth      2%         N/A       26%         2
 Ensorcelled Hibernation  Hex/Ice        2%         N/A       32%         2
 Mephitic Cloud           Conj/Pois/Air  4%         N/A       41%         3
 Swiftness                Air            1%         N/A       54%         3
 Olgreb's Toxic Radiance  Pois           10%        N/A       54%         4
 Animate Dead             Necr           1%         N/A       91%         4
 Borgnjor's Vile Clutch   Necr/Erth      0%         N/A       99%         5
 Death Channel            Necr           0%         N/A       100%        6


Dungeon Overview and Level Annotations

Branches:
Dungeon (2/15)

Altars:


Innate Abilities, Weirdness & Mutations

Your plain brown scales are hard. (AC +4)
You cannot fit into any form of body armour.
You are cold-blooded and may be slowed by cold attacks.


Message History

You kill the orc!
Your Fighting skill increases to level 2!
The sting hits something.
Something hits you.
The sting hits the orc.
The orc is poisoned.
The orc is lightly wounded.
An adder comes into view.
Something hits you. The orc hits you but does no damage.
The sting hits something but does no damage.
The adder hisses angrily.
The orc hits you from afar with a +0 trident.
Something hits you.
You miscast Sting.
You are very lightly contaminated with residual magic.
Nothing appears to happen.
The orc hits you from afar with a +0 trident.
You hear some strange, mumbled words.
You are confused.
You are too injured to fight recklessly!
You're too confused to cast spells.
You're too confused to cast spells.
You're too confused to cast spells.
You miss something.
Your tail-slap misses something.
You hear some strange, mumbled words.
A magic dart appears from out of thin air!
The magic dart hits you!
* * * LOW HITPOINT WARNING * * *
The orc hits you but does no damage.
It was a potion of haste.
You feel yourself speed up. The orc hits you but does no damage.
Something hits you but does no damage.
It was a potion of berserk rage.
A red film seems to cover your vision as you go berserk!
You feel yourself moving faster!
You feel mighty!
You bump into the rock wall.
You feel a strong urge to attack something.
Something hits you.
* * * LOW HITPOINT WARNING * * *
The orc hits you from afar with a +0 trident.
* * * LOW HITPOINT WARNING * * *
You miss something.
The orc looks more healthy.
Something hits you.
You die...

######()#
#..<†#'##
#.##...#
#.######
#.# #.# #.#
#.#########
#.).)@{oS.#
#########.#


You could see an adder and an orc.

Vanquished Creatures
  2 orcs (D:2)
  2 ball pythons (D:1)
  2 endoplasms (D:1)
  A giant cockroach (D:1)
  2 hobgoblins (D:1)
  2 jackals (D:2)
  A quokka (D:1)
  2 bats (D:1)
  3 frilled lizards (D:1)
  A goblin (D:1)
  2 kobolds (D:1)
  5 rats (D:1)
25 creatures vanquished.

Notes
Turn   | Place    | Note
-------+----------+-------------------------------------------
     0 | D:1      | cheesebisquit the Draconian Venom Mage began the quest for
                  | the Orb.
     0 | D:1      | Reached XP level 1. HP: 14/14 MP: 3/3
   242 | D:1      | Reached skill level 1 in Fighting
   309 | D:1      | Reached XP level 2. HP: 17/23 MP: 0/5
   952 | D:2      | HP: 1/36 [orc/+0 trident (6)]
   953 | D:2      | Slain by an orc wizard

Illustrated notes

Levels and vault maps discovered:
D:1:      lightli_arrival_statue_moat, layout_basic
D:2:      layout_loops_ring, basic_altar, supply_closet_lemuel,
          minmay_misc_feat_doors, uniq_crazy_yiuf_cottage

Skill      XL: |  1  2 |
---------------+-------+-----
Stealth        | 2 |  2.7
Fighting       | 1 2 |  2.0
Dodging        | |  1.7
Spellcasting   | |  2.0
Transmutations | |  1.0
Poison Magic   | |  3.0

Action                     || total
---------------------------++-------
  Melee: Unarmed           ||     6
         Dagger            ||     5
         Tailslap          ||     1
         Whip              ||     2
   Cast: Sting             ||    55
    Use: Potion            ||     2
 Armour: Skin              ||     9
  Dodge: Dodged            ||    33
